 Dungeon Crawl Stone Soup version 0.13.0-6-g40e4d2d (webtiles) character file.

46513 HungrySpirit the Executioner (level 13, -1/166 HPs)
             Began as a Minotaur Berserker on Oct 15, 2013.
             Was a High Priest of Trog.
             Slain by an orc knight
             ... wielding a -1,+0 orcish halberd
              (26 damage)
             ... in a bailey.
             The game lasted 00:59:03 (24897 turns).

HungrySpirit the Executioner (Minotaur Berserker)  Turns: 24897, Time: 00:59:05

HP  -1/166       AC 17     Str 31      XL: 13   Next: 97%
MP   4/4         EV  7     Int  4      God: Trog [*****.]
Gold 1891        SH  0     Dex 15      Spells:  0 memorised, 12 levels left

Res.Fire  : + . .   See Invis. : .   i - +3,+11 battleaxe of Nixit {chop, rF- Dex+4}
Res.Cold  : . . .   Warding    : .   C - -1 plate armour
Life Prot.: . . .   Conserve   : .   (no shield)
Res.Poison: .       Res.Corr.  : .   (helmet restricted)
Res.Elec. : .       Clarity    : .   a - +1 elf cloak {MR+}
Sust.Abil.: . .     Spirit.Shd : .   u - +0 pair of dwarf gauntlets
Res.Mut.  : +       Stasis     : .   (no boots)
Res.Rott. : .       Flight     : .   e - amulet of resist mutation
Saprovore : . . .                    G - ring of sustenance
                                     t - ring of protection from fire

@: berserking, very quick, quite resistant to hostile enchantments, extremely
unstealthy
A: retaliatory headbutt, horns 2, fire resistance 1
a: Burn Spellbooks, Berserk, Trog's Hand, Brothers in Arms, Renounce Religion


You were in a bailey.
You worshipped Trog.
Trog was extremely pleased with you.
You were not hungry.

You visited 4 branches of the dungeon, and saw 24 of its levels.
You also visited: Bailey.

You collected 1919 gold pieces.
You spent 48 gold pieces at shops.

Inventory:

Hand weapons
 i - the +3,+11 battleaxe of Nixit (weapon) {chop, rF- Dex+4}
   (Trog gifted it to you on level 2 of the Orcish Mines)

   It inflicts extra damage upon your enemies.
   It affects your dexterity (+4).
   It makes you vulnerable to fire.
 l - a +1,+1 battleaxe of pain
 K - a +3,+3 anti-magic executioner's axe
Armour
 a - a +1 elven cloak of magic resistance (worn)
 u - a +0 pair of dwarven gauntlets (worn)
 C - a -1 plate armour (worn)
Magical devices
 n - a wand of invisibility (5)
 w - a wand of fire (7)
Comestibles
 c - 17 bread rations
Scrolls
 b - 5 scrolls of teleportation
 f - a scroll of magic mapping
 g - a scroll of recharging
 r - 5 scrolls of remove curse
 s - 4 scrolls of blinking
 F - 2 scrolls of noise
 H - 2 scrolls of fear
Jewellery
 e - an amulet of resist mutation (around neck)
 k - an uncursed ring of protection from magic
 t - a ring of protection from fire (left hand)
 G - a ring of sustenance (right hand)
 N - an uncursed ring of positive energy
Potions
 h - 3 potions of speed
 m - a potion of resistance
 p - a potion of flight
 A - 2 potions of might
 B - 5 potions of curing
 E - 2 potions of restore abilities
 L - 2 potions of poison {unknown}
 O - a potion of paralysis {unknown}
 R - a potion of invisibility {unknown}


   Skills:
 + Level 11.0 Fighting
 - Level 24.2 Axes
 + Level 10.5 Armour
 - Level 2.1 Dodging


You had 12 spell levels left.
You didn't know any spells.

Dungeon Overview and Level Annotations

Branches:
Dungeon (12/27)            Temple (1/1) D:4             Orc (3/4) D:7
   Lair (8/8) D:12          Swamp (0/5) Lair:4       Spider (0/5) Lair:5
  Slime (0/6) Lair:8
    Elf: Orc:3-4

Altars:
Cheibriados
Fedhas
Kikubaaqudgha
Vehumet
Yredelemnul

Shops:
D:5 *   D:7 [   D:8 +   D:10 (

Annotations:
Lair:3 exclusion: door
Lair:8 exclusions: 2 doors and 1 more exclusion


Innate Abilities, Weirdness & Mutations

You reflexively headbutt those who attack you in melee.
You have a pair of horns on your head.
Your flesh is heat resistant.


Message History

The orc knight is severely wounded.
The orc warrior shoots a bolt.
The bolt hits you!
* * * LOW HITPOINT WARNING * * *
The orc knight hits you with an orcish halberd.
* * * LOW HITPOINT WARNING * * *
You slash the orc knight!
You headbutt the orc knight, but do no damage.
The orc knight is severely wounded.
You slash the orc knight!
You headbutt the orc knight, but do no damage.
The orc knight is almost dead.
The orc warrior hits you from afar with a runed orcish halberd!
* * * LOW HITPOINT WARNING * * *
You closely miss the orc knight.
The orc knight is almost dead.
The orc warrior shoots a bolt.
The bolt hits you!
* * * LOW HITPOINT WARNING * * *
The orc warrior shoots a bolt.
The bolt hits your deep troll.
The orc knight hits you with an orcish halberd!
You die...

### ## #
##∩###########.## ..
#.∩.##.....##.o?#
≈..#...#..≈≈≈..#..?#
≈≈.......≈≈o≈≈.#...#
o≈.......≈ooo≈T(...#
≈≈.......≈≈o≈≈(#@o%#
≈..#...#..≈≈≈.(#...#
..##...##(....##.o.#
## ##∩###########.##
### ##


You could see an orc knight, 4 orc warriors, 2 orcs and a friendly deep troll
(berserk).

Vanquished Creatures
  3 dire elephants (Lair:8)
  Fannar (Orc:2)
  2 hydras
  An anaconda (Lair:8)
  Erica (Lair:2)
  The ghost of Malachi the Impaler, an experienced MfGl of Okawaru (D:9)
  An unseen horror (D:11)
  A giant amoeba (Lair:8)
  A hill giant (D:10)
  2 spiny worms
  17 elephants
  A black mamba (Lair:1)
  12 spiny frogs
  A feature mimic (D:9)
  6 komodo dragons
  Grinder (D:6)
  2 fire drakes
  2 two-headed ogres
  A boulder beetle (Lair:8)
  9 blink frogs
  A shadow (D:11)
  A grizzly bear (Lair:8)
  A water elemental (D:12)
  6 sharks (D:12)
  7 yaks
  A hill giant zombie (D:10)
  A wraith (D:12)
  A hungry ghost (D:7)
  A merfolk (D:8)
  A manticore (D:10)
  5 hippogriffs
  A hill giant skeleton (D:12)
  2 swamp worms (Lair:4)
  A necrophage (D:11)
  7 porcupines
  14 wolves
  6 giant goldfish
  10 orc warriors
  3 phantoms
  2 ice beasts
  4 sky beasts
  A yellow wasp (D:11)
  A black bear (D:11)
  5 ogres
  5 centaurs
  Duvessa (D:7)
  6 giant slugs
  17 water moccasins
  10 crocodiles
  An agate snail (Lair:1)
  A warg (Orc:1)
  22 giant frogs
  A wyvern skeleton (D:7)
  A cyclops skeleton (D:11)
  A troll zombie (D:8)
  9 wights
  9 jellies
  An eye of draining (D:11)
  8 jellyfish
  7 electric eels
  Dowan (D:7)
  A centaur skeleton (D:10)
  5 goliath beetles
  4 giant frog skeletons
  17 orc priests
  9 big fish
  7 crimson imps
  16 hounds
  A quasit (D:11)
  6 iguanas
  An orange rat (D:12)
  20 orc wizards
  8 worker ants
  6 scorpions
  A brain worm zombie (D:10)
  12 sheep
  Ijyb (D:2)
  18 gnolls
  28 green rats
  23 adders
  5 giant centipedes
  4 giant mites
  16 worms
  An adder skeleton (D:6)
  12 giant geckos
  An ooze (D:1)
  123 orcs
  25 bats
  2 bat skeletons
  21 hobgoblins
  18 jackals
  A ball python (D:3)
  7 giant cockroaches
  A giant gecko skeleton (D:4)
  4 giant newts
  15 goblins
  17 kobolds
  9 quokkas
  27 rats
  6 fungi
  4 plants
753 creatures vanquished.

Vanquished Creatures (collateral kills)
  3 hydras
  Erolcha (Orc:2)
  A giant amoeba (Lair:8)
  A hill giant (D:11)
  A spriggan druid (Lair:8)
  2 spiny frogs (Lair:8)
  A komodo dragon (Lair:8)
  Sonja (Orc:2)
  A two-headed ogre (Orc:2)
  A blink frog (Lair:8)
  2 brown oozes (Lair:8)
  A grizzly bear (Lair:8)
  2 hippogriffs (Lair:8)
  An ice beast (Orc:2)
  An ogre (Orc:2)
  A giant slug (Lair:8)
  A gnoll sergeant (D:11)
  A basilisk zombie (D:11)
  4 orc priests (Orc:2)
  2 orc wizards (Orc:2)
  A gnoll (D:11)
  A giant centipede (D:11)
  6 orcs (Orc:2)
  A hobgoblin (Orc:2)
38 creatures vanquished.

Vanquished Creatures (others)
  A two-headed ogre (Lair:8)
  2 ogres
  2 plants (Lair:8)
5 creatures vanquished.

Grand Total: 796 creatures vanquished

Notes
Turn   | Place    | Note
--------------------------------------------------------------
     0 | D:1      | HungrySpirit, the Minotaur Berserker, began the quest for the Orb.
     0 | D:1      | Reached XP level 1. HP: 19/19 MP: 0/0
    18 | D:1      | Reached skill level 4 in Axes
    18 | D:1      | Reached XP level 2. HP: 12/26 MP: 0/0
   650 | D:1      | Reached skill level 5 in Axes
   694 | D:1      | Reached XP level 3. HP: 31/33 MP: 1/1
   759 | D:1      | Acquired Trog's second power
   889 | D:2      | Noticed Ijyb
   899 | D:2      | Killed Ijyb
  1071 | D:2      | Reached XP level 4. HP: 39/39 MP: 1/1
  1075 | D:2      | Reached skill level 6 in Axes
  1893 | D:3      | Reached skill level 7 in Axes
  1893 | D:3      | Reached XP level 5. HP: 41/46 MP: 1/1
  2559 | D:4      | Reached skill level 8 in Axes
  2559 | D:4      | Reached XP level 6. HP: 52/52 MP: 2/2
  2572 | D:4      | HP: 1/52 [wight/mace of freezing (2)]
  2582 | D:4      | Reached skill level 9 in Axes
  2752 | D:4      | Reached XP level 7. HP: 47/59 MP: 2/2
  3000 | D:4      | Reached skill level 10 in Axes
  3330 | D:4      | Found a staircase to the Ecumenical Temple.
  3342 | Temple   | Entered the Ecumenical Temple
  3396 | D:5      | Entered Level 5 of the Dungeon
  3564 | D:5      | Reached skill level 11 in Axes
  3818 | D:5      | Acquired Trog's third power
  3846 | D:5      | Reached XP level 8. HP: 66/66 MP: 2/2
  3953 | D:5      | Found Wuabamig's General Store.
  4420 | D:5      | Reached skill level 12 in Axes
  5007 | D:6      | Found a basalt altar of Yredelemnul.
  5188 | D:6      | Reached skill level 5 in Fighting
  5417 | D:6      | Noticed Grinder
  5431 | D:6      | Paralysed by Grinder for 4 turns
  5440 | D:6      | Killed Grinder
  5440 | D:6      | Reached skill level 5 in Armour
  5600 | D:7      | Noticed Duvessa
  5600 | D:7      | Noticed Dowan
  5604 | D:7      | Killed Duvessa
  5605 | D:7      | Killed Dowan
  5605 | D:7      | Reached XP level 9. HP: 53/75 MP: 3/3
  5743 | D:7      | Found Eduamm's Antique Armour Emporium.
  5772 | D:7      | Found a staircase to the Orcish Mines.
  5984 | D:7      | Received a gift from Trog
  6284 | D:8      | Found a blossoming altar of Fedhas.
  6649 | D:8      | Found an ancient bone altar of Kikubaaqudgha.
  6657 | D:8      | Found Myrhaal's Book Emporium.
  6813 | D:5      | Bought a +0,+0 war axe for 48 gold pieces
  7276 | D:9      | Noticed Malachi's ghost (experienced MfGl)
  7284 | D:9      | Killed Malachi's ghost
  7284 | D:9      | Reached XP level 10. HP: 88/88 MP: 3/3
  7330 | D:9      | Found Irauf's Serpentskin Sales.
  7339 | D:9      | Irauf's Serpentskin Sales was a mimic.
  7345 | D:9      | Reached skill level 10 in Fighting
  7573 | D:9      | Received a gift from Trog
  7757 | D:9      | Found a basalt altar of Yredelemnul.
  8058 | D:10     | Entered Level 10 of the Dungeon
  8072 | D:10     | Reached skill level 10 in Armour
  8249 | D:10     | Found Unol's Antique Weapon Shoppe.
  8353 | D:10     | Noticed a hill giant
  8362 | D:10     | Killed a hill giant
  8362 | D:10     | Reached skill level 13 in Axes
  9441 | D:11     | Noticed a hill giant
  9455 | D:11     | Reached skill level 14 in Axes
  9459 | D:11     | Killed a hill giant
  9711 | D:11     | Received a gift from Trog
  9768 | D:11     | Killed an unseen horror
  9768 | D:11     | Reached XP level 11. HP: 33/95 MP: 3/3
 10327 | D:11     | Reached skill level 15 in Axes
 11462 | D:12     | Reached skill level 16 in Axes
 11679 | D:12     | Found a staircase to the Lair.
 11693 | D:12     | Reached skill level 17 in Axes
 12260 | Lair:1   | Entered Level 1 of the Lair of Beasts
 12369 | Lair:1   | Reached skill level 18 in Axes
 12542 | Lair:1   | Reached XP level 12. HP: 50/103 MP: 4/4
 12954 | Lair:1   | Reached skill level 19 in Axes
 12955 | Lair:1   | Received a gift from Trog
 13472 | Lair:2   | Noticed Erica
 13485 | Lair:2   | Killed Erica
 13593 | Lair:2   | Reached skill level 20 in Axes
 14780 | Lair:3   | Noticed a four-headed hydra
 14793 | Lair:3   | Received a gift from Trog
 14793 | Lair:3   | Reached skill level 21 in Axes
 14796 | Lair:3   | Killed a four-headed hydra
 14866 | Lair:3   | Noticed a seven-headed hydra
 14878 | Lair:3   | Killed an eight-headed hydra
 15954 | Lair:4   | Gained mutation: You can spit poison. [potion of mutation]
 15954 | Lair:4   | Gained mutation: Your flesh is heat resistant. [potion of mutation]
 15954 | Lair:4   | Lost mutation: You can spit poison. [potion of mutation]
 16476 | Lair:4   | Reached skill level 22 in Axes
 16609 | Lair:4   | Found a staircase to the Swamp.
 17226 | Lair:5   | Found a hole to the Spider Nest.
 17247 | Lair:5   | Received a gift from Trog
 18327 | Lair:6   | Reached XP level 13. HP: 110/110 MP: 1/4
 19634 | Lair:7   | Received a gift from Trog
 19971 | Lair:8   | Entered Level 8 of the Lair of Beasts
 19971 | Lair:8   | Found a staircase to the Slime Pits.
 19981 | Lair:8   | Reached skill level 23 in Axes
 21915 | Lair:8   | Noticed a dire elephant
 21915 | Lair:8   | Noticed a dire elephant
 21929 | Lair:8   | Noticed a dire elephant
 21935 | Lair:8   | Killed a dire elephant
 21935 | Lair:8   | Reached skill level 24 in Axes
 21938 | Lair:8   | Noticed a dire elephant
 21946 | Lair:8   | Killed a dire elephant
 22188 | Lair:8   | Noticed a dire elephant
 22195 | Lair:8   | Killed a dire elephant
 22408 | Lair:1   | Identified a scroll of acquirement
 22955 | Orc:1    | Entered Level 1 of the Orcish Mines
 23120 | Orc:2    | Noticed Sonja
 23121 | Orc:2    | Noticed Fannar
 23133 | Orc:2    | Killed Fannar
 23151 | Orc:2    | Killed Sonja
 23511 | Orc:2    | Received a gift from Trog
 23515 | Orc:2    | Got an ichor-stained battleaxe {god gift}
 23516 | Orc:2    | Identified the battleaxe of Nixit {god gift, chop, rF- Dex+4} (Trog gifted it to you on level 2 of the Orcish Mines)
 23725 | Orc:2    | Noticed Erolcha
 23730 | Orc:2    | Killed Erolcha
 24251 | Orc:1    | Received a gift from Trog
 24855 | Orc:3    | Found a flagged portal.
 24874 | Bailey   | Entered a bailey
 24897 | Bailey   | Slain by an orc knight

Action                   |  1- 3 |  4- 6 |  7- 9 | 10-12 | 13-15 || total
-------------------------+-------+-------+-------+-------+-------++-------
Melee: Hand axe          |    89 |   120 |   449 |     6 |       ||   664
       War axe           |       |       |    37 |   231 |       ||   268
       Battleaxe         |       |       |       |   569 |   107 ||   676
       Executioner's axe |       |       |       |    26 |   280 ||   306
Invok: Trog's Hand       |       |     2 |       |     4 |     3 ||     9
       Berserk           |       |     1 |     4 |     3 |     5 ||    13
       Burn Spellbooks   |       |     1 |     1 |     3 |       ||     5
       Brothers in Arms  |       |       |       |     5 |     9 ||    14
Evoke: Wand              |       |       |     3 |     6 |     7 ||    16
  Use: Potion            |       |     5 |     1 |     3 |     5 ||    14
       Scroll            |       |       |     9 |    24 |     5 ||    38
 Stab: Distracted        |       |       |       |       |     1 ||     1
